 Dungeon Crawl Stone Soup version 0.31-a0-185-g9dded2c639 (webtiles) character file.

Game seed: 1171439454229766536

100 qw the Shooter (level 4, -1/25 HPs)
             Began as a Deep Elf Hunter on June 22, 2023.
             Slain by Sigmund
             ... wielding a +0 scythe of protection
              (6 damage)
             ... on level 3 of the Dungeon.
             The game lasted 00:00:42 (1522 turns).

qw the Shooter (Deep Elf Hunter)                    Turns: 1522, Time: 00:00:42

Health: -1/25      AC:  5    Str: 10    XL:     4   Next: 47%
Magic:  6/6        EV: 11    Int: 14    God:
Gold:   150        SH:  0    Dex: 18    Spells: 3/3 levels left

rFire   + . .        Y - +0 shortbow (drain)
rCold   x . .        (shield currently unavailable)
rNeg    . . .        j - +0 ring mail
rPois   +            (no helmet)
rElec   .            d - scarf {repulsion}
rCorr   .            (no gloves)
SInv    .            (no boots)
Will    .....        (no amulet) Stlth
                     n - ring "Ettin" {Fire rPois}
HPRegen 0.24/turn    (no ring)
MPRegen 0.10/turn

%: repel missiles
@: confused
A: no striking features
a: no special abilities


You were on level 3 of the Dungeon.
You visited 1 branch of the dungeon, and saw 3 of its levels.

You collected 150 gold pieces.


   Skills:
 - Level 1.5 Fighting
 + Level 7.9 Ranged Weapons
 - Level 2.4 Dodging
 - Level 1.2 Stealth


You had 3 spell levels left.
You didn't know any spells.
Your spell library was empty.

Inventory:

Hand Weapons
 Y - a +0 shortbow of draining (weapon)
Armour
 d - a scarf of repulsion (worn)
 j - a +0 ring mail (worn)
Jewellery
 n - the ring "Ettin" (left hand) {Fire rPois}
   (You found it on level 2 of the Dungeon)

   [ring of fire]

   It enhances your fire magic.
   rF:        It protects you from fire.
   rC:        It makes you vulnerable to cold.
   rPois:     It protects you from poison.
Potions
 a - a potion of degeneration {unknown}
 e - a potion of attraction {unknown}
 f - a potion of might {unknown}
 g - a potion of invisibility {unknown}
 h - a potion of curing
 i - a potion of ambrosia {unknown}
 m - a potion of resistance {unknown}

Dungeon Overview and Level Annotations

Branches:
Dungeon (3/15)

Altars:

Annotations:
D:3 Sigmund


Message History

1505 ||| DRINKING potion of heal wounds.
You feel much better. The kobold hits you but does no damage.
Something hits you but does no damage.
You shoot an arrow. The arrow barely misses the kobold.
The kobold hits you but does no damage.
You shoot an arrow. The arrow hits the kobold!
You kill the kobold!
Something hits you.
You shoot an arrow. Something hits you!
You shoot an arrow. Something hits you but does no damage.
You shoot an arrow. You shoot an arrow.
You hear some strange, mumbled words.
Something tries to affect you, but you resist.
You shoot an arrow. Something hits you.
You shoot an arrow. Something hits you.
You shoot an arrow. Something hits you but does no damage.
You shoot an arrow. Something completely misses you.
You shoot an arrow. You shoot an arrow.
You hear some strange, mumbled words.
You are confused.
Something barely misses you.
You shoot an arrow. You shoot an arrow.
You hear some strange, mumbled words.
Something tries to affect you, but you resist.
You shoot an arrow. Something hits you.
You shoot an arrow. Something hits you.
You shoot an arrow. Something hits you.
You die...

...##.# #.# #.###.# #.#
#.# #.# ### #.# #.# #.#
#.. #.# +# ..# #.# #.#
#.# ... ..# #.# #.###.#
.... .## #.###.##..#
...[.
#####.........####......
......(.........@)......
....#####.....####{.....
###.# ####..# ..... .
#.# ##.# .... . #.# #.#
... . #.# #.# +# .##.#
#.# ..# #.# ###


There were no monsters in sight!

Vanquished Creatures
  3 gnolls (D:2)
  An adder (D:2)
  A worm (D:2)
  2 dart slugs
  5 ball pythons
  6 endoplasms
  2 giant cockroaches
  4 hobgoblins
  7 kobolds
  2 quokkas
  7 bats
  4 frilled lizards
  5 goblins
  5 rats (D:1)
54 creatures vanquished.

Notes
Turn   | Place    | Note
-------+----------+-------------------------------------------
     0 | D:1      | qw the Deep Elf Hunter began the quest for the Orb.
     0 | D:1      | Reached XP level 1. HP: 12/12 MP: 3/3
     0 | D:1      | 0 ||| qw: Version: 0.3-a-9-g12657ce
     0 | D:1      | 0 ||| qw: Game counter: 1716
     0 | D:1      | 0 ||| qw: Always use a shield: true
     0 | D:1      | 0 ||| qw: God list: Okawaru
     0 | D:1      | 0 ||| qw: Allow faded altars: false
     0 | D:1      | 0 ||| qw: Do Orc after D:15 true
     0 | D:1      | 0 ||| qw: Do second Lair branch before Depths: true
     0 | D:1      | 0 ||| qw: Lair rune preference: random
     0 | D:1      | 0 ||| qw: Plans: Normal
     0 | D:1      | 0 ||| PLANNING D:1-11
    95 | D:1      | Reached XP level 2. HP: 16/16 MP: 4/4
   103 | D:1      | 103 ||| FLEEEEING.
   106 | D:1      | 106 ||| FLEEEEING.
   109 | D:1      | Reached skill level 6 in Ranged Weapons
   235 | D:1      | Found a faded altar of an unknown god.
   250 | D:1      | 250 ||| Stepping ~*~*~tactically~*~*~ (water).
   252 | D:1      | 252 ||| Stepping ~*~*~tactically~*~*~ (water).
   528 | D:1      | Reached XP level 3. HP: 20/20 MP: 5/5
   528 | D:1      | 528 ||| READING scroll labelled JEF KUNAICASE.
   529 | D:1      | 529 ||| READING scroll labelled HEAL JINWEBE.
   530 | D:1      | 530 ||| READING scroll labelled EJEMEMIVEI.
   531 | D:1      | 531 ||| READING scroll labelled WYTIAX RECZASM.
   532 | D:1      | 532 ||| DRINKING 2 smoky coppery potions.
   533 | D:1      | 533 ||| DROPPING scroll of butterflies.
   704 | D:2      | Reached skill level 7 in Ranged Weapons
   751 | D:2      | 751 ||| FLEEEEING.
   754 | D:2      | Reached XP level 4. HP: 20/25 MP: 6/6
  1053 | D:2      | Identified the ring "Ettin" {Fire rPois}
  1262 | D:2      | 1262 ||| UPGRADING to scarf of repulsion.
  1267 | D:2      | 1267 ||| UPGRADING to +0 ring mail.
  1277 | D:2      | 1277 ||| DROPPING +0 leather armour.
  1278 | D:2      | 1278 ||| UPGRADING to ring "Ettin" {Fire rPois}.
  1279 | D:2      | 1279 ||| READING scroll labelled JEELUDULIU.
  1280 | D:2      | 1280 ||| READING 4 scrolls labelled EMEURGHY QESIA.
  1281 | D:2      | 1281 ||| READING scroll labelled ZIJ TEVVUSH.
  1282 | D:2      | 1282 ||| DRINKING 2 brown potions.
  1283 | D:2      | 1283 ||| DROPPING 3 scrolls of blinking.
  1497 | D:3      | Noticed Sigmund
  1504 | D:3      | HP: 6/25 [something (7)]
  1505 | D:3      | 1505 ||| DRINKING potion of heal wounds.
  1513 | D:3      | HP: 5/25 [something (3)]
  1520 | D:3      | HP: 5/25 [something (2)]
  1522 | D:3      | Slain by Sigmund

Levels and vault maps discovered:
D:1:      heliophobic_arrival_battle_scene, layout_basic,
          hellmonk_ecumenical_altar_pennies_from_heaven
D:2:      layout_basic
D:3:      layout_loops_corners, uniq_sigmund

Skill      XL: |  1  2  3 |
---------------+----------+-----
Ranged Weapons | 6 7 |  7.9
Fighting       | |  1.5
Dodging        | |  2.4
Stealth        | |  1.2

Action                     |  1- 3 |  4- 6 || total
---------------------------+-------+-------++-------
   Fire: Shortbow          |    86 |    63 ||   149
    Use: Scroll            |     4 |     3 ||     7
         Potion            |     1 |     2 ||     3
 Armour: Leather armour    |     7 |     5 ||    12
         Ring mail         |       |     9 ||     9
  Dodge: Dodged            |     8 |    20 ||    28

Table legend:
 A = Non-vault XP
 B = Vault XP
 C = Vault XP percentage of total XP
 D = Non-vault monster count
 E = Vault monster count
 F = Vault count percentage of total count
                 A         B        C        D         E       F
            +---------+---------+-------+---------+---------+-------
      Total |     144 |       0 |   0.0 |      54 |       0 |   0.0
            +---------+---------+-------+---------+---------+-------
        D:1 |      42 |       0 |   0.0 |      27 |       0 |   0.0
        D:2 |      83 |       0 |   0.0 |      18 |       0 |   0.0
        D:3 |      19 |       0 |   0.0 |       9 |       0 |   0.0
            +---------+---------+-------+---------+---------+-------
